Map: Oxide LE

Players

GunGFuBanDa

  • Race: Protoss Protoss

Reynor - Winner!

  • Race: Zerg Zerg

Event: DreamHack SC2 Masters 2021 Fall

VOD

Have the link to the VOD?

Description

Time

  • Played on: Aug. 4, 2021, 1:30 p.m.
  • Length: 9:46

All games in this series

Show
View Real Time Build Order
Export as new Build Order

GunGFuBanDa Protoss 

Build Orders: 1 Gate Expand, Oracle Opening, Zealot Archon 

Get SALT Encoding   

  12  0:00  Probe  
  13  0:12  Probe  
  14  0:17  Pylon  
  14  0:24  Probe (Chrono Boost)  
  16  0:36  Probe (Chrono Boost)  
  16  0:38  Gateway  
  16  0:43  Probe (Chrono Boost)  
  16  0:49  Assimilator  
  17  0:53  Probe  
  18  1:05  Probe  
  19  1:17  Probe  
  20  1:25  Nexus  
  20  1:34  Cybernetics Core  
  20  1:37  Probe (Chrono Boost)  
  21  1:44  Assimilator  
  22  1:48  Probe (Chrono Boost)  
  22  1:52  Pylon  
  22  1:53  Probe  
  23  2:08  Adept (Chrono Boost)  
  23  2:10  Probe  
  26  2:21  Stargate  
  26  2:22  Probe  
  27  2:30  Adept (Chrono Boost)  
  27  2:34  Probe  
  30  2:37  Warp Gate  
  30  2:39  Probe  
  31  2:46  Probe  
  33  2:51  Adept (Chrono Boost), Probe  
  33  2:58  Probe  
  36  3:03  Probe  
  37  3:07  Oracle (Chrono Boost)  
  37  3:10  Probe  
  41  3:15  Probe  
  42  3:20  Pylon  
  42  3:22  Gateway  
  42  3:23  Probe  
  43  3:27  Probe  
  44  3:35  Probe  
  44  3:36  Oracle (Chrono Boost)  
  44  3:39  Probe  
  49  3:43  Pylon  
  49  3:47  Probe  
  50  3:51  Probe  
  51  4:02  Probe  
  51  4:04  Probe  
  51  4:06  Oracle  
  55  4:11  Pylon  
  55  4:14  Probe  
  55  4:16  Nexus, Probe  
  57  4:20  Shield Battery  
  57  4:26  Probe  
  57  4:27  Stalker  
  57  4:28  Probe  
  57  4:30  Assimilator  
  61  4:32  Assimilator, Zealot  
  61  4:38  Pylon, Probe  
  64  4:42  Robotics Facility  
  64  4:47  Probe  
  64  4:50  Probe  
  66  4:54  Twilight Council  
  66  4:58  Forge  
  66  4:59  Probe (Chrono Boost)  
  67  5:04  Probe (Chrono Boost)  
  67  5:06  Sentry  
  70  5:11  Probe (Chrono Boost)  
  70  5:14  Probe (Chrono Boost)  
  72  5:16  Probe (Chrono Boost)  
  72  5:19  Probe (Chrono Boost)  
  74  5:26  Probe  
  74  5:28  Charge (Chrono Boost), Probe  
  76  5:30  Probe  
  76  5:32  Zealot x2  
  76  5:33  Dark Shrine  
  80  5:37  Immortal (Chrono Boost)  
  80  5:38  Probe  
  80  5:40  Probe  
  80  5:42  Probe  
  85  5:50  Probe  
  85  5:52  Probe  
  85  5:55  Shield Battery  
  85  5:58  Photon Cannon  
  85  5:59  Protoss Ground Weapons Level 1 (Chrono Boost)  
  85  6:00  Pylon  
  85  6:02  Robotics Bay  
  85  6:07  Immortal (Chrono Boost)  
  86  6:17  Pylon  
  84  6:20  Stalker x2  
  82  6:34  Pylon  
  82  6:35  Pylon  
  82  6:36  Pylon  
  82  6:37  Pylon  
  82  6:39  Pylon  
  82  6:42  Gateway  
  82  6:43  Gateway  
  79  6:56  Dark Templar x2  
  79  7:00  Disruptor  
  86  7:07  Nexus  
  86  7:10  Pylon  
  83  7:31  Disruptor  
  83  7:32  Zealot x2  
  83  7:36  Gateway  
  90  7:39  Gateway  
  90  7:42  Nexus  
  90  7:43  Pylon  
  90  7:44  Pylon  
  90  7:46  Pylon, Archon  
  90  7:52  Dark Templar x2  
  90  7:54  Probe x2  
  96  7:59  Pylon  
  96  8:00  Archon  
  96  8:02  Observer  
  96  8:03  Dark Templar x2  
  100  8:06  Shield Battery  
  100  8:07  Probe x2  
  103  8:14  Assimilator  
  103  8:17  Archon  
  103  8:18  Assimilator  
  103  8:26  Warp Prism  
  105  8:35  Probe  
  106  8:42  Probe  
  106  8:47  Probe  
  108  8:57  Sentry x2  
  108  8:58  Zealot x4  
  126  9:15  Gateway  
  126  9:16  Gateway  
  124  9:19  Photon Cannon  
  122  9:34  Zealot x6  
Show
View Real Time Build Order
Export as new Build Order

Reynor Zerg - Winner!

Build Orders: Hatch First 

Get SALT Encoding   

  12  0:00  Drone  
  13  0:12  Overlord  
  13  0:18  Drone  
  14  0:31  Drone x2  
  16  0:46  Drone  
  17  0:51  Hatchery  
  17  0:55  Drone  
  17  0:58  Drone  
  18  1:09  Extractor  
  17  1:13  Spawning Pool  
  17  1:15  Drone  
  17  1:19  Drone  
  18  1:27  Drone  
  19  1:39  Drone  
  20  1:49  Overlord  
  20  1:59  Queen  
  22  2:03  Zergling x2  
  22  2:04  Zergling x2, Queen  
  26  2:10  Drone  
  26  2:13  Metabolic Boost  
  26  2:14  Drone  
  28  2:25  Drone x2  
  30  2:34  Hatchery  
  29  2:41  Queen  
  29  2:44  Zergling x2  
  32  2:47  Overlord  
  32  2:50  Drone  
  33  2:53  Drone  
  33  2:56  Drone  
  36  2:58  Drone  
  36  3:04  Overlord  
  35  3:08  Drone x3  
  38  3:15  Queen  
  40  3:21  Overlord  
  40  3:23  Zergling x4  
  42  3:27  Drone  
  42  3:30  Queen  
  42  3:32  Zergling x2  
  46  3:37  Drone  
  46  3:40  Drone  
  48  3:47  Drone  
  49  3:49  Spore Crawler, Drone  
  49  3:50  Drone  
  49  3:52  Drone x3  
  49  3:55  Queen  
  55  4:00  Drone x2  
  57  4:04  Drone  
  57  4:08  Overlord  
  59  4:10  Drone  
  59  4:14  Drone x3  
  59  4:17  Drone  
  63  4:22  Overlord  
  63  4:24  Drone x3  
  66  4:27  Overlord  
  66  4:31  Extractor  
  66  4:32  Roach Warren  
  66  4:34  Drone x2  
  66  4:36  Queen  
  68  4:40  Queen  
  68  4:41  Extractor  
  68  4:44  Queen  
  71  4:49  Drone x3  
  71  4:52  Drone x2  
  76  4:54  Overlord  
  76  5:00  Overlord  
  76  5:09  Drone x2  
  76  5:13  Overlord  
  75  5:14  Roach x5  
  75  5:15  Roach  
  75  5:16  Roach  
  89  5:22  Roach x3  
  89  5:28  Zergling x2, Roach  
  98  5:29  Overlord  
  98  5:34  Spore Crawler, Zergling x2, Roach  
  98  5:35  Zergling x2  
  100  5:36  Overlord  
  100  5:40  Zergling x4  
  102  5:43  Overlord  
  102  5:46  Zergling x4, Roach  
  101  5:50  Ravager  
  101  5:51  Ravager x2, Zergling x6  
  106  5:57  Zergling x6  
  106  6:00  Ravager  
  106  6:01  Overlord  
  106  6:02  Zergling x4  
  106  6:03  Zergling x2  
  113  6:07  Zergling x4  
  113  6:10  Ravager  
  116  6:13  Zergling x8  
  116  6:16  Drone  
  116  6:18  Drone x2  
  123  6:22  Lair  
  123  6:24  Drone x2  
  120  6:26  Drone  
  120  6:28  Drone  
  120  6:30  Drone  
  120  6:32  Drone  
  123  6:36  Evolution Chamber  
  123  6:39  Drone  
  123  6:40  Drone  
  123  6:41  Drone x2  
  123  6:42  Spore Crawler  
  123  6:43  Drone x2  
  123  6:45  Ravager  
  123  6:46  Drone x3  
  131  6:50  Drone  
  131  6:53  Drone x2  
  133  7:01  Drone  
  134  7:02  Extractor  
  134  7:03  Extractor  
  134  7:06  Extractor  
  134  7:07  Zerg Melee Weapons Level 1  
  134  7:08  Drone x2  
  133  7:11  Drone  
  133  7:12  Drone x2  
  133  7:15  Drone x2  
  138  7:16  Hatchery  
  138  7:18  Drone  
  132  7:23  Drone  
  132  7:25  Drone  
  132  7:26  Overseer  
  132  7:28  Glial Reconstitution  
  129  7:30  Baneling Nest  
  128  7:50  Drone x2  
  130  7:52  Zergling x16  
  130  7:55  Overlord  
  130  7:56  Overseer  
  138  8:00  Overlord  
  138  8:06  Overlord x3  
  138  8:07  Overlord  
  138  8:13  Centrifical Hooks  
  138  8:14  Roach x3  
  138  8:15  Roach  
  138  8:19  Zergling x8, Roach x2  
  154  8:25  Zergling x2  
  154  8:26  Ravager x3  
  158  8:27  Roach  
  158  8:28  Roach  
  158  8:29  Zergling x4  
  158  8:31  Zergling x4  
  158  8:33  Overlord  
  168  8:34  Zergling x4  
  168  8:38  Zergling x2  
  168  8:39  Zergling x4  
  168  8:40  Zergling x2  
  172  8:41  Pneumatized Carapace  
  172  8:45  Overlord  
  172  8:47  Zergling x4  
  174  8:50  Zergling x6  
  174  8:54  Zergling x2  
  178  8:57  Baneling x27  
  178  8:58  Baneling  
  178  8:59  Zergling x8  
  178  9:02  Spore Crawler  
  181  9:04  Zergling x8  
  181  9:05  Zergling x4  
  187  9:11  Baneling x8  
  187  9:13  Zergling x10  
  191  9:19  Zergling x8  
  191  9:20  Zergling x2  
  196  9:27  Zergling x6  

Tags
 
Add a new tag
Caveats
  • Supply blocks, unpowered buildings, or Contaminate may cause inaccurate times.
  • Supply counts are checked every 10 seconds.